 Dungeon Crawl Stone Soup version 0.18-a0-1570-gf60b0ab (webtiles) character file.

7392 Ijustatesigmund the Martial Artist (level 11, -4/90 HPs)
             Began as an Octopode Transmuter on Mar 14, 2016.
             Was a High Priest of Cheibriados.
             Slain by a red ugly thing (27 damage)
             ... on level 10 of the Dungeon.
             The game lasted 00:40:50 (13401 turns).

Ijustatesigmund the Martial Artist (OpTm)          Turns: 13401, Time: 00:40:50

Health: -4/90      AC:  7    Str: 27    XL:     11   Next: 14%
Magic:  10/17      EV: 16    Int: 33    God:    Cheibriados [*****.]
Gold:   471        SH:  4    Dex: 26    Spells: 4 memorised, 9 levels left

rFire  x . .     SeeInvis +       - Unarmed
rCold  + + +     Gourm    .     (shield currently unavailable)
rNeg   . . .     Faith    .     (helmet currently unavailable)
rPois  +         Spirit   .     d - +4 amulet of reflection
rElec  .         Dismiss  .     n - ring of see invisible
rCorr  .         Reflect  +     i - ring of wizardry
SustAt .         Harm     .     u - +3 ring of strength
MR     .....                    (no ring)
Stlth  +++.......               (no ring)
                                (no ring)
                                (no ring)
                                (no ring)

@: ice-form, very slightly contaminated, drained, very slow, not resistant to
hostile enchantments, fairly stealthy
A: almost no armour, amphibious, 8 rings, (constrict 8), (camouflage 0),
(gelatinous body 0)
a: End Transformation, Bend Time, Temporal Distortion, Slouch, Step From Time,
Renounce Religion


You were on level 10 of the Dungeon.
You worshipped Cheibriados.
Cheibriados was extremely pleased with you.
You were not hungry.
You were a creature of crystalline ice.
You visited 2 branches of the dungeon, and saw 11 of its levels.

You collected 471 gold pieces.

Inventory:

Missiles
 a - 83 arrows
 h - 13 tomahawks (quivered)
Armour
 e - a +2 hat (melded)
 j - a +1 buckler of fire resistance (melded)
Jewellery
 d - a +4 amulet of reflection (around neck)
 i - a ring of wizardry (right front paw)
 k - an uncursed ring of ice
 n - a ring of see invisible (left front paw)
 u - a +3 ring of strength (on tentacle)
Scrolls
 g - 3 scrolls of identify
 l - a scroll of vulnerability {unknown}
 m - 2 scrolls of enchant armour
 o - a scroll of magic mapping
 p - 2 scrolls of enchant weapon
 r - 3 scrolls of remove curse
 x - a scroll of amnesia
 y - a scroll of holy word {unknown}
Potions
 s - 2 potions of magic
 t - a potion of heal wounds
 v - a potion of ambrosia
 w - 3 potions of curing
 A - a potion of might
Books
 b - a book of Changes

   Spells                             Type                      Level
   a - Beastly Appendage              Transmutation                1
   b - Sticks to Snakes               Transmutation                2
   c - Spider Form                    Transmutation/Poison         3
   d - Ice Form                       Ice/Transmutation            4
   e - Blade Hands                    Transmutation                5
Comestibles
 c - 5 bread rations
 f - 3 beef jerkies
 q - 4 meat rations
 z - 3 chunks of flesh


   Skills:
 - Level 7.0(6.6) Fighting
 - Level 6.2(5.9) Dodging
 - Level 3.3(3.0) Stealth
 + Level 3.4(3.1) Shields
 - Level 8.8(8.5) Unarmed Combat
 - Level 4.5(4.3) Spellcasting
 - Level 4.7(4.4) Transmutations
 - Level 3.1(2.8) Ice Magic
 - Level 2.6(2.3) Poison Magic
 - Level 8.0(7.7) Invocations


You had 9 spell levels left.
You knew the following spells:

 Your Spells              Type           Power        Failure   Level  Hunger
a - Beastly Appendage     Trmt           #####.       1%          1    None
b - Sticks to Snakes      Trmt           #####...     1%          2    None
c - Spider Form           Trmt/Pois      ####......   1%          3    #......
d - Ice Form              Ice/Trmt       ####....     6%          4    ###....


Dungeon Overview and Level Annotations

Branches:
Dungeon (10/15)            Temple (1/1) D:5             Orc (0/2) D:10
   Lair: D:8-11

Altars:
Ashenzari
Cheibriados
Dithmenos
Elyvilon
Fedhas
Gozag
Kikubaaqudgha
Makhleb
Nemelex Xobeh
Okawaru
Pakellas
Qazlal
Ru
Sif Muna
Trog
Vehumet
Xom
Yredelemnul
Zin
The Shining One

Shops:
D:4 (


Innate Abilities, Weirdness & Mutations

You cannot wear most types of armour.
You are amphibious.
You can wear up to eight rings at the same time.
((You can use your tentacles to constrict eight enemies at once.))
((Your skin changes colour to match your surroundings (Stealth).))
((Your rubbery body absorbs attacks (AC +1).))


Message History

The cyan ugly thing is lightly wounded.
The cyan ugly thing basks in your mutagenic energy and changes!
You hit the red ugly thing but do no damage.
The red ugly thing is lightly wounded.
You barely miss the red ugly thing.
The red ugly thing is lightly wounded.
You punch the red ugly thing! You freeze the red ugly thing.
The red ugly thing is moderately wounded.
The red ugly thing engulfs you.
You are engulfed in flames!!
The fire burns you terribly!
You hit the red ugly thing but do no damage.
The red ugly thing is moderately wounded.
The red ugly thing engulfs you.
You are engulfed in flames!!
The fire burns you terribly!
You punch the red ugly thing! You freeze the red ugly thing.
The red ugly thing is heavily wounded.
The red ugly thing engulfs you!
* * * LOW HITPOINT WARNING * * *
You are engulfed in flames!!
The fire burns you terribly!
You die...

#(....#####.....######
#.###.................
#.# #.################
#.# #.# #.# #.# #.#
#.# #.# #.# #.# #.#
#.# #Y# #.# #u# #.#
... #.##.... #.....
#...... #.......
#.......#


You could see a red ugly thing.

Vanquished Creatures
  A hill giant (D:10)
  Maurice (D:9)
  A troll (D:10)
  4 slime creatures (D:9)
  The ghost of slayr the Ducker, an amateur TeAE (D:3)
  3 hippogriffs
  A hungry ghost (D:10)
  Duvessa (D:7)
  An ice beast (D:10)
  6 orc warriors
  3 sky beasts
  2 black bears
  2 phantoms
  6 centaurs
  2 ogres
  2 crocodiles
  A big kobold (D:10)
  2 giant frogs (D:6)
  Dowan (D:7)
  2 troll zombies (D:10)
  9 killer bees
  4 wights (D:10)
  2 howler monkeys
  3 crimson imps
  A giant frog zombie (D:5)
  6 hounds
  A centaur skeleton (D:4)
  8 orc priests
  2 jellies
  7 orc wizards
  4 giant frog skeletons
  Natasha (D:2)
  2 iguanas
  6 worker ants
  6 ogre zombies (D:10)
  A hound zombie (D:5)
  A howler monkey skeleton (D:9)
  3 gnolls (D:3)
  17 adders
  2 shadow imps
  An ooze (D:4)
  3 adder skeletons
  An adder zombie (D:9)
  3 worms
  A dart slug (D:2)
  4 giant geckos
  38 orcs
  2 giant cockroaches
  5 hobgoblins
  8 jackals
  3 quokkas
  3 ball pythons
  4 bats
  6 giant newts
  A goblin skeleton (D:10)
  5 goblin zombies (D:10)
  A hobgoblin skeleton (D:10)
  2 hobgoblin zombies (D:10)
  15 kobolds
  3 orc skeletons (D:10)
  9 orc zombies (D:10)
  5 rats
252 creatures vanquished.

Vanquished Creatures (collateral kills)
  A hungry ghost (D:8)
  A killer bee (D:8)
  2 orcs
  A giant cockroach (D:8)
  A hobgoblin zombie (D:10)
  An orc skeleton (D:10)
  2 orc zombies (D:10)
9 creatures vanquished.

Vanquished Creatures (others)
  5 sheep (D:4)
5 creatures vanquished.

Grand Total: 266 creatures vanquished

Notes
Turn   | Place    | Note
--------------------------------------------------------------
     0 | D:1      | Ijustatesigmund the Octopode Transmuter began the quest for the Orb.
     0 | D:1      | Reached XP level 1. HP: 13/13 MP: 3/3
   594 | D:2      | Noticed Natasha
   595 | D:2      | Noticed a crimson imp
   638 | D:2      | Reached XP level 2. HP: 18/18 MP: 3/5
   642 | D:2      | Learned a level 2 spell: Sticks to Snakes
   667 | D:2      | Found a blossoming altar of Fedhas.
   750 | D:2      | Found an iron altar of Okawaru.
   980 | D:3      | Reached XP level 3. HP: 24/24 MP: 4/6
   985 | D:3      | Learned a level 3 spell: Spider Form
  1023 | D:3      | Noticed slayr's ghost (amateur TeAE)
  1095 | D:4      | Reached skill level 1 in Poison Magic
  1344 | D:4      | Reached XP level 4. HP: 24/30 MP: 5/7
  1378 | D:4      | Found Uczex's Antique Weapon Boutique.
  1469 | D:4      | Noticed an ogre
  1482 | D:4      | Killed an ogre
  1482 | D:4      | Reached XP level 5. HP: 11/36 MP: 1/8
  1718 | D:4      | Found a sacrificial altar of Ru.
  2230 | D:2      | Killed Natasha
  2601 | D:3      | Found a bloodstained altar of Trog.
  2701 | D:3      | Found a white marble altar of Elyvilon.
  2704 | D:3      | Found a basalt altar of Yredelemnul.
  3096 | D:4      | Reached XP level 6. HP: 16/42 MP: 4/9
  3542 | D:4      | Found a shimmering altar of Xom.
  3819 | D:5      | Entered Level 5 of the Dungeon
  3957 | D:5      | Reached skill level 5 in Unarmed Combat
  4023 | D:5      | Found a staircase to the Ecumenical Temple.
  4036 | D:5      | Reached XP level 7. HP: 41/48 MP: 10/10
  4088 | Temple   | Entered the Ecumenical Temple
  4561 | D:5      | Found a stormy altar of Qazlal.
  4929 | D:5      | Found a shadowy altar of Dithmenos.
  5397 | D:6      | Found a radiant altar of Vehumet.
  5413 | D:6      | Reached skill level 5 in Dodging
  5618 | D:6      | Reached XP level 8. HP: 51/54 MP: 8/11
  5778 | D:6      | Learned a level 4 spell: Ice Form
  5814 | D:6      | Found a snail-covered altar of Cheibriados.
  5820 | D:6      | Became a worshipper of Cheibriados the Contemplative
  6176 | D:6      | Reached skill level 1 in Ice Magic
  6909 | D:7      | Noticed Duvessa
  6915 | D:7      | Noticed Dowan
  6930 | D:7      | Killed Duvessa
  6930 | D:7      | Reached skill level 1 in Invocations
  6938 | D:7      | Killed Dowan
  7233 | D:7      | Reached * piety under Cheibriados
  8030 | D:3      | Reached XP level 9. HP: 52/58 MP: 11/14
  8195 | D:3      | Found an ancient bone altar of Kikubaaqudgha.
  8256 | D:3      | Killed slayr's ghost
  8769 | D:8      | Reached ** piety under Cheibriados
  9474 | D:8      | Reached *** piety under Cheibriados
  9515 | D:8      | Reached skill level 5 in Fighting
  9579 | D:8      | Found a sparkling altar of Nemelex Xobeh.
 10094 | D:9      | Noticed Maurice
 10116 | D:9      | Killed Maurice
 10116 | D:9      | Reached XP level 10. HP: 50/68 MP: 16/16
 10353 | D:10     | Entered Level 10 of the Dungeon
 10448 | D:10     | Reached **** piety under Cheibriados
 11038 | D:9      | Reached skill level 5 in Invocations
 11695 | D:9      | Reached ***** piety under Cheibriados
 11923 | D:10     | Found a staircase to the Orcish Mines.
 11999 | D:10     | Noticed a hill giant
 12013 | D:10     | Killed a hill giant
 12504 | D:10     | Reached XP level 11. HP: 20/75 MP: 17/17
 12803 | D:10     | Identified a scroll of acquirement
 12881 | D:10     | Reached skill level 1 in Shields
 13392 | D:10     | Noticed a cyan ugly thing
 13401 | D:10     | Slain by a red ugly thing

Vault maps used:
D:1:      dpeg_arrival_sounds_slurp, serial_curves, eino_curves_04,
          eino_curves_02, eino_curves_02, eino_curves_02, serial_bayou_pond_c
D:2:      minmay_kobold_bridge, okawaru_gym_becter, fedhas_altar_2, uniq_natasha
D:3:      grunt_temple_overflow_cloverleaf
D:4:      kennysheep_little_box, kb_xom_exploding_sheep, serial_shops, shop,
          first_bread
D:5:      kennysheep_mini, grunt_qazlal_sundering,
          minmay_temple_entry_purple_smoke
D:6:      cheibriados_altar_1, vehumet_crystals
D:7:      uniq_duvessa
D:8:      overflow_temple_1_default
D:9:      uniq_maurice
D:10:     zombieorc2_lemuel, uniq_fannar
Temple:   temple_eino_lava_8

Skill      XL: |  1  2  3  4  5  6  7  8  9 10 11 |
---------------+----------------------------------+-----
Fighting       | 2 3 4 6 7 |  7.0
Poison Magic   | 1 2 |  2.6
Unarmed Combat | 4 5 6 8 |  8.8
Transmutations | 3 4 |  4.7
Dodging        | 3 6 |  6.2
Ice Magic      | 2 3 |  3.1
Spellcasting   | 3 4 |  4.5
Stealth        | 3 |  3.3
Invocations    | 3 4 8 |  8.0
Shields        | 3 |  3.4

Action                   |  1- 3 |  4- 6 |  7- 9 | 10-12 || total
-------------------------+-------+-------+-------+-------++-------
Melee: Unarmed           |    52 |   111 |   335 |   253 ||   751
Throw: Tomahawk          |       |       |       |     2 ||     2
 Cast: Beastly Appendage |     7 |    11 |    11 |     3 ||    32
       Spider Form       |     1 |     6 |    19 |     2 ||    28
       Sticks to Snakes  |       |     7 |    28 |    11 ||    46
       Ice Form          |       |       |    12 |    21 ||    33
 Abil: End Transformatio |     1 |       |       |       ||     1
  Use: Scroll            |     3 |     6 |     9 |     7 ||    25
       Potion            |     4 |     1 |     7 |     1 ||    13
 Stab: Sleeping          |     3 |     4 |     4 |     7 ||    18
       Invisible         |       |       |     2 |       ||     2
       Distracted        |       |       |     2 |       ||     2
  Eat: Beef jerky        |     1 |       |     2 |       ||     3
       Chunk             |       |     9 |    16 |     5 ||    30
       Fruit             |       |     1 |       |     7 ||     8
       Pizza             |       |       |     1 |       ||     1
